 Dungeon Crawl Stone Soup version 0.20-a0-940-g1ecfa5a (webtiles) character file.

194 Rrauwl the Skirmisher (level 5, -1/43 HPs)
             Began as a Barachi Fighter on Mar 31, 2017.
             Slain by an orc
             ... wielding a +0 short sword
              (5 damage)
             ... on level 4 of the Dungeon.
             The game lasted 00:05:51 (1908 turns).

Rrauwl the Skirmisher (Barachi Fighter)             Turns: 1908, Time: 00:05:51

Health: -1/43      AC:  9    Str: 18    XL:     5   Next: 73%
Magic:  5/5        EV:  6    Int:  9    God:
Gold:   190        SH:  9    Dex: 11    Spells: 4/4 levels left

rFire    . . .     SeeInvis .   a - +0 long sword
rCold    . . .     Gourm    .   c - +0 shield
rNeg     . . .     Faith    .   l - +0 chain mail
rPois    .         Spirit   .   (no helmet)
rElec    .         Reflect  .   (no cloak)
rCorr    .         Harm     .   (no gloves)
MR       .....                  (no boots)
Stlth    ..........             (no amulet)
Regen    0.2/turn               (no ring)
MPRegen  0.1/turn               (no ring)

@: very slightly contaminated, slow
A: +LOS, swims, slowness 1, strong legs 1
a: Hop


You were on level 4 of the Dungeon.
You were not hungry.

You visited 1 branch of the dungeon, and saw 4 of its levels.

You collected 190 gold pieces.

Inventory:

Hand Weapons
 a - a +0 long sword (weapon)
Armour
 c - a +0 shield (worn)
 l - a +0 chain mail (worn)
Scrolls
 b - a scroll of identify {unknown}
 h - 2 scrolls of remove curse {unknown}
 i - 3 scrolls of recharging {unknown}
 n - a scroll of blinking {unknown}
 o - a scroll of teleportation {unknown}
 p - a scroll of random uselessness {unknown}
 q - a scroll of enchant weapon {unknown}
Comestibles
 f - 4 bread rations
 k - 2 meat rations
 m - 5 chunks of flesh


   Skills:
 + Level 4.7 Fighting
 + Level 3.7 Long Blades
 + Level 4.6 Armour
 + Level 2.2 Dodging
 + Level 4.1 Shields


You had 4 spell levels left.
You didn't know any spells.

Dungeon Overview and Level Annotations

Branches:
Dungeon (3/15)

Altars:
Elyvilon


Innate Abilities, Weirdness & Mutations

Shadows flee at your approach. (+LOS)
You can swim through water.
You cover ground slowly.
You can hop short distances.


Message History

The orc priest is moderately wounded.
You hit the orc priest.
The orc priest is severely wounded.
The orc priest calls down the wrath of Beogh upon you.
Beogh smites you!
* * * LOW HITPOINT WARNING * * *
You barely miss the orc priest.
The orc priest is severely wounded.
You block the orc priest's attack.
You hit the orc priest.
You kill the orc priest!
You feel yourself slow down.
Found a scroll labeled PEMMONLE LYDYX.
Found a stone staircase leading up.
You barely miss the orc. You block the orc's attack.
You closely miss the orc. You block the orc's attack.
You closely miss the orc. You block the orc's attack.
The orc hits you but does no damage.
You barely miss the orc. The orc hits you but does no damage.
You hit the orc but do no damage. The orc hits you with a short sword.
You die...

####< #..........# #...?
#....##....# #.....
#S...# ....# #.....
#....+ ....# #.....###
#....###...#
#.......#####($.....$<.#
#........o..)..=..###..#
#.......#####.....#
#.........o@.(....#
#.....#..###..>$.##
#......... #........
####+#...#.#.#######
#.###.#.# #. #.# #. #.#
#. .# # .#


You could see an orc.

Vanquished Creatures
  2 orc priests (D:4)
  An orc wizard (D:4)
  A worker ant (D:4)
  3 adders
  An ooze (D:1)
  3 dart slugs
  A leopard gecko (D:2)
  5 orcs (D:4)
  A giant cockroach (D:3)
  5 goblins
  5 hobgoblins
  A quokka (D:3)
  2 ball pythons
  2 bats (D:1)
  5 frilled lizards
  5 kobolds
  5 rats
48 creatures vanquished.

Notes
Turn   | Place    | Note
-------+----------+-------------------------------------------
     0 | D:1      | Rrauwl the Barachi Fighter began the quest for the Orb.
     0 | D:1      | Reached XP level 1. HP: 18/18 MP: 1/1
   132 | D:1      | Reached XP level 2. HP: 24/25 MP: 2/2
   548 | D:1      | Reached XP level 3. HP: 30/30 MP: 3/3
  1177 | D:2      | Found a white marble altar of Elyvilon.
  1306 | D:2      | Reached skill level 1 in Dodging
  1353 | D:2      | Reached XP level 4. HP: 32/37 MP: 4/4
  1744 | D:3      | You fall through a shaft!
  1873 | D:4      | Reached XP level 5. HP: 14/43 MP: 5/5
  1893 | D:4      | HP: 2/43 [orc priest/divine providence (11)]
  1908 | D:4      | Slain by an orc

Vault maps used:
D:1:      dpeg_arrival_solitude, minmay_liquid_box, dk_noncrumbling_2,
          minmay_misc_feat_ornament
D:2:      lemuel_round_altar, first_bread
D:3:      okawaru_trees_1, uniq_crazy_yiuf_cottage
D:4:      makhleb_grotto_becter, serial_bayou_pond_a

Skill      XL: |  1  2  3  4  5 |
---------------+----------------+-----
Fighting       | 4 |  4.7
Armour         | 4 |  4.6
Dodging        | 1 2 |  2.2
Long Blades    | 3 |  3.7
Shields        | 4 |  4.1

Action                   |  1- 3 |  4- 6 || total
-------------------------+-------+-------++-------
Melee: Long sword        |   123 |    93 ||   216
  Use: Potion            |       |     5 ||     5
  Eat: Chunk             |     2 |     2 ||     4
Armor: Scale mail        |    24 |       ||    24
       Chain mail        |    40 |    51 ||    91
Dodge: Dodged            |    23 |    12 ||    35
Block: Shield            |    60 |    42 ||   102
       Rpst.: Long sword |     8 |     5 ||    13
